 Dungeon Crawl Stone Soup version 0.18.1-5-g4a78601 (webtiles) character file.

13071 mopl the Covert (level 11, 61/61 HPs)
             Began as a High Elf Enchanter on May 11, 2016.
             Was an Elder of Dithmenos.
             Quit the game on level 1 of the Lair of Beasts.
             The game lasted 00:30:58 (12671 turns).

mopl the Covert (High Elf Enchanter)               Turns: 12671, Time: 00:30:59

Health: 61/61      AC:  5    Str:  7    XL:     11   Next: 70%
Magic:  18/18      EV: 13    Int: 20    God:    Dithmenos [****..]
Gold:   496        SH:  0    Dex: 21    Spells: 5 memorised, 6 levels left

rFire  + . .     SeeInvis .     a - +2 dagger (freeze)
rCold  + . .     Gourm    .     Q - +2 robe {rC+ rF+}
rNeg   . . .     Faith    .     (no shield)
rPois  +         Spirit   .     k - +0 hat
rElec  .         Dismiss  .     f - +0 cloak {rPois}
rCorr  .         Reflect  .     (no gloves)
SustAt .         Harm     .     (no boots)
MR     +....                    (no amulet)
Stlth  +++++++++.               (no ring)
                                J - ring of flight

@: wreathed by umbra, somewhat resistant to hostile enchantments, incredibly
stealthy
A: horns 1, agile 1, deterioration 1
a: Shadow Step, Renounce Religion, Evoke Flight


You were on level 1 of the Lair of Beasts.
You worshipped Dithmenos.
Dithmenos was greatly pleased with you.
You were not hungry.

You visited 2 branches of the dungeon, and saw 11 of its levels.
You also visited: Ossuary.

You collected 661 gold pieces.
You spent 165 gold pieces at shops.

Inventory:

Hand Weapons
 a - a +2 dagger of freezing (weapon)
 b - a +0 blowgun
Missiles
 h - 5 curare-tipped needles
 i - 40 poisoned needles
 p - a throwing net
 F - 8 tomahawks (quivered)
 S - 6 needles of paralysis
Armour
 f - a +0 cloak of poison resistance (worn)
 k - a +0 hat (worn)
 O - a +0 cloak
 Q - a +2 robe of resistance (worn)
 W - a +2 robe of magic resistance
Jewellery
 g - an uncursed ring of magical power
 C - an uncursed amulet of regeneration
 G - an uncursed amulet of magic regeneration
 J - a ring of flight (left hand)
Wands
 s - a wand of teleportation (1/9)
 y - a wand of paralysis (9/24)
 R - a wand of digging (15/24)
 Y - a wand of disintegration (8/24)
Scrolls
 l - a scroll of vulnerability {unknown}
 m - 3 scrolls of blinking {unknown}
 w - a scroll of holy word {unknown}
 z - 4 scrolls of enchant weapon {unknown}
 I - 2 scrolls of identify
 K - 2 scrolls of random uselessness {unknown}
 L - 3 scrolls of remove curse
 M - a scroll of enchant armour {unknown}
 N - 2 scrolls of magic mapping {unknown}
 P - a scroll of noise {unknown}
 T - 2 scrolls of fear {unknown}
 V - a scroll of summoning {unknown}
 X - 6 scrolls of teleportation
 Z - 3 scrolls of fog {unknown}
Potions
 e - 2 potions of cancellation
 j - a potion of flight
 n - 4 potions of heal wounds
 o - 2 potions of resistance
 q - a potion of might
 r - 8 potions of curing
 u - 3 potions of agility
 v - 4 potions of lignification {!q}
 x - 2 potions of haste
 A - 4 potions of magic
 D - a potion of ambrosia
 E - a potion of cure mutation {!q}
Books
 B - a book of Debilitation

   Spells                             Type                      Level
   a - Corona                         Hexes                        1
   b - Slow                           Hexes                        2
   c - Gell's Gravitas                Hexes/Translocation          3
   d - Inner Flame                    Hexes/Fire                   3
   e - Cause Fear                     Hexes                        4
   f - Leda's Liquefaction            Hexes/Earth                  4
Comestibles
 c - 3 fruits
 d - 9 bread rations


   Skills:
 + Level 8.5 Short Blades
 + Level 4.7 Throwing
 - Level 2.1 Dodging
 * Level 12.5 Stealth
 - Level 4.0 Spellcasting
 + Level 2.2 Conjurations
 * Level 10.6 Hexes
 - Level 3.0 Ice Magic
 + Level 7.6 Invocations


You had 6 spell levels left.
You knew the following spells:

 Your Spells              Type           Power        Failure   Level  Hunger
a - Corona                Hex            #####..      1%          1    None
b - Ensorcelled Hibernat  Hex/Ice        ####..       1%          2    #......
c - Confuse               Hex            #####...     1%          3    ###....
d - Tukima's Dance        Hex            #####...     1%          3    ###....
g - Dazzling Spray        Conj/Hex       ####....     3%          3    ###....


Dungeon Overview and Level Annotations

Branches:
Dungeon (10/15)            Temple (0/1) D:7            Lair (1/8) D:10
    Orc (0/2) D:9

Altars:
Dithmenos
Gozag
Kikubaaqudgha
Pakellas
Ru
Trog
Xom
Yredelemnul
The Shining One

Shops:
D:6 !

Annotations:
D:9 dig


Innate Abilities, Weirdness & Mutations

You have a pair of small horns on your head.
You are agile. (Dex +2)
Your body sometimes deteriorates upon taking damage.


Message History

Identify which item? (\ to view known items) (? for menu, Esc to quit)
Okay, then.
Unknown command.
Read which item? (? for menu, Esc to quit)
Identify which item? (\ to view known items) (? for menu, Esc to quit)
As you read the scroll of identify, it crumbles to dust.
t - a potion of mutation Read which item? (? for menu, Esc to quit)
Identify which item? (\ to view known items) (? for menu, Esc to quit)
As you read the scroll of identify, it crumbles to dust.
D - a potion of ambrosia Read which item? (? for menu, Esc to quit)
Identify which item? (\ to view known items) (? for menu, Esc to quit)
As you read the scroll of identify, it crumbles to dust.
E - a potion of cure mutation Drink which item? (? for menu, Esc to quit)
Really quaff
t - a potion of mutation {!q}?
You feel extremely strange.
You feel yourself wasting away.
You feel agile.
Are you sure you want to abandon this character and quit the game? (Confirm with "yes".)

##P..# #. ########## ###..## ##
#. ##......(P #.#...##.# ###.
#........# ##...≈≈..#####...
#.......#####...≈≈≈≈..#.##...
#............#.≈≈≈≈≈≈..# #...
#.......P###....≈≈≈≈≈..# #...
##.......## ##....≈≈≈≈≈.###...
#..#P.#### #@..<.≈≈≈≈≈.......
#....# ##...≈≈≈≈≈≈.##.... ##.###
##.≈≈≈≈≈≈≈..##### ## #.##
##..≈≈≈≈.### # ##.###+.##
###....## ## #........## #.####.#
###. #.........# ##### ## #.#.
#........#### #######.P#######...
#........##.###.#P.#.............


There were no monsters in sight!

Vanquished Creatures
  Gastronok (D:9)
  Erolcha (D:8)
  Pikel (D:8)
  The ghost of Mefis the Magician, a novice DEWz of Sif Muna (D:7)
  Psyche (D:9)
  Maurice (D:9)
  Joseph (D:10)
  A troll (D:10)
  A two-headed ogre (D:10)
  5 blink frogs (Lair:1)
  Prince Ribbit (D:6)
  A yak (Lair:1)
  3 wraiths
  A steam dragon (D:9)
  Grum (D:8)
  3 wargs (D:10)
  A water moccasin (D:9)
  3 ice beasts
  A sky beast (D:7)
  2 orc warriors
  3 black bears (D:8)
  A necrophage (D:8)
  A phantom (D:6)
  3 ogres
  4 wolves (D:8)
  4 centaurs
  3 big kobolds
  8 giant frogs
  A gnoll sergeant (D:7)
  28 killer bees
  A scorpion (D:5)
  7 howler monkeys
  2 wights (Ossuary)
  2 centaur zombies
  A giant frog zombie (D:6)
  9 hounds
  A giant frog skeleton (D:4)
  5 jellies
  3 orc priests
  Crazy Yiuf (D:6)
  A centaur skeleton (D:10)
  A gnoll shaman (D:4)
  3 iguanas
  Natasha (thrice) (D:2)
  15 orc wizards
  6 worker ants
  A mummy (D:8)
  13 gnolls
  10 adders
  3 shadow imps
  2 oozes
  2 adder skeletons
  4 worms
  5 giant geckos
  35 orcs
  2 ball pythons (D:1)
  4 bats
  A giant cockroach (D:1)
  13 goblins
  4 hobgoblins
  11 jackals
  5 quokkas
  A ball python skeleton (Ossuary)
  4 giant newts
  4 hobgoblin zombies
  21 kobolds
  4 kobold zombies (Ossuary)
  An orc zombie (Ossuary)
  6 rats
  A plant (D:9)
305 creatures vanquished.

Vanquished Creatures (collateral kills)
  A wight (Ossuary)
1 creature vanquished.

Vanquished Creatures (others)
  2 slaves (D:8)
  A gnoll (D:8)
  2 kobolds (D:8)
  2 fungi (Lair:1)
  2 plants
  A withered plant (D:7)
10 creatures vanquished.

Grand Total: 316 creatures vanquished

Notes
Turn   | Place    | Note
--------------------------------------------------------------
     0 | D:1      | mopl the High Elf Enchanter began the quest for the Orb.
     0 | D:1      | Reached XP level 1. HP: 11/11 MP: 4/4
     2 | D:1      | Noticed a gargoyle
     4 | D:1      | Noticed an elf
     6 | D:1      | Noticed a ghoul
     6 | D:1      | Noticed an ogre
     8 | D:1      | Noticed a demonspawn
     8 | D:1      | Noticed a vampire
    10 | D:1      | Noticed a minotaur
    10 | D:1      | Noticed an octopode
    12 | D:1      | Noticed a naga
    14 | D:1      | Noticed a spriggan
    14 | D:1      | Noticed a tengu
    16 | D:1      | Noticed a centaur
    16 | D:1      | Noticed a draconian
    18 | D:1      | Noticed a troll
    18 | D:1      | Noticed a vine stalker
    20 | D:1      | Noticed a human
    20 | D:1      | Noticed a merfolk
    22 | D:1      | Noticed a halfling
    22 | D:1      | Noticed a demigod
    24 | D:1      | Noticed a formicid
    24 | D:1      | Noticed a felid
    26 | D:1      | Noticed a dwarf
   499 | D:1      | Reached XP level 2. HP: 4/17 MP: 6/6
   503 | D:1      | Learned a level 2 spell: Ensorcelled Hibernation
  1894 | D:2      | Reached XP level 3. HP: 21/21 MP: 8/8
  1896 | D:2      | Reached skill level 1 in Ice Magic
  2459 | D:2      | Found an oddly glowing altar of Pakellas.
  2637 | D:2      | Noticed Natasha
  2642 | D:2      | Killed Natasha
  2642 | D:2      | Reached skill level 4 in Stealth
  2642 | D:2      | Reached XP level 4. HP: 27/27 MP: 9/9
  2650 | D:2      | Learned a level 3 spell: Confuse
  2658 | D:2      | Noticed Natasha
  2662 | D:2      | Killed Natasha
  2662 | D:2      | Reached skill level 2 in Short Blades
  2662 | D:2      | Reached skill level 3 in Spellcasting
  2667 | D:2      | Learned a level 3 spell: Tukima's Dance
  2803 | D:2      | Noticed Natasha
  2811 | D:2      | Killed Natasha
  2811 | D:2      | Reached skill level 4 in Hexes
  2811 | D:2      | Reached XP level 5. HP: 19/31 MP: 10/10
  3180 | D:3      | Found a glowing golden altar of the Shining One.
  3435 | D:3      | Reached skill level 2 in Ice Magic
  3791 | D:3      | Found an opulent altar of Gozag.
  4264 | D:4      | Reached skill level 5 in Stealth
  4288 | D:4      | Reached XP level 6. HP: 25/36 MP: 12/12
  4973 | D:4      | Reached skill level 3 in Short Blades
  5408 | D:5      | Entered Level 5 of the Dungeon
  5412 | D:5      | Reached skill level 5 in Hexes
  5412 | D:5      | Reached XP level 7. HP: 41/41 MP: 13/13
  5415 | D:5      | Got a polished spear
  5429 | D:5      | Reached skill level 6 in Stealth
  5646 | D:5      | Found a shadowy altar of Dithmenos.
  5651 | D:5      | Found a bloodstained altar of Trog.
  5651 | D:5      | Found a sacrificial altar of Ru.
  5661 | D:5      | Became a worshipper of Dithmenos the Shadowed
  5677 | D:5      | Reached skill level 3 in Ice Magic
  5701 | D:5      | Found an oddly glowing altar of Pakellas.
  5869 | D:5      | Reached skill level 4 in Spellcasting
  6316 | D:6      | Noticed Crazy Yiuf
  6324 | D:6      | Killed Crazy Yiuf
  6493 | D:6      | Reached skill level 4 in Short Blades
  6534 | D:6      | Reached skill level 7 in Stealth
  6534 | D:6      | Reached skill level 1 in Invocations
  6534 | D:6      | Reached XP level 8. HP: 42/46 MP: 15/15
  6562 | D:6      | Reached skill level 6 in Hexes
  6577 | D:6      | Noticed Prince Ribbit
  6582 | D:6      | Killed Prince Ribbit
  6582 | D:6      | Reached skill level 2 in Invocations
  6586 | D:6      | Found Bucifruh's Distillery.
  6589 | D:6      | Bought 2 potions of heal wounds for 110 gold pieces
  6589 | D:6      | Bought a potion of berserk rage for 55 gold pieces
  6866 | D:6      | Reached skill level 5 in Short Blades
  6866 | D:6      | Reached skill level 8 in Stealth
  7179 | D:6      | Reached skill level 3 in Invocations
  7185 | D:6      | Reached * piety under Dithmenos
  7228 | D:7      | Reached skill level 7 in Hexes
  7668 | D:7      | Reached XP level 9. HP: 51/51 MP: 16/16
  7781 | D:7      | Reached ** piety under Dithmenos
  7839 | D:7      | Reached skill level 9 in Stealth
  8049 | D:7      | Reached skill level 4 in Invocations
  8120 | D:7      | Noticed Mefis's ghost (novice DEWz)
  8138 | D:7      | Killed Mefis's ghost
  8186 | D:7      | Reached skill level 8 in Hexes
  8194 | D:7      | Found an ancient bone altar of Kikubaaqudgha.
  8200 | D:7      | Reached skill level 6 in Short Blades
  8233 | D:7      | Found a staircase to the Ecumenical Temple.
  8380 | D:7      | Reached skill level 10 in Stealth
  8385 | D:7      | Learned a level 3 spell: Dazzling Spray
  8690 | D:8      | Noticed Pikel
  8793 | D:8      | Noticed Grum
  8795 | D:8      | Reached skill level 5 in Invocations
  8857 | D:8      | Killed Grum
  8857 | D:8      | Reached skill level 1 in Throwing
  8857 | D:8      | Reached XP level 10. HP: 49/56 MP: 15/17
  8890 | D:8      | Killed Pikel
  8978 | D:8      | Reached skill level 9 in Hexes
  8981 | D:8      | Reached skill level 7 in Short Blades
  8981 | D:8      | Reached skill level 2 in Throwing
  9041 | D:8      | Found a sand-covered staircase.
  9043 | D:8      | Reached *** piety under Dithmenos
  9054 | Ossuary  | Entered an ossuary
  9438 | D:8      | Found a basalt altar of Yredelemnul.
  9438 | D:8      | Noticed Erolcha
  9444 | D:8      | Killed Erolcha
  9444 | D:8      | Reached skill level 11 in Stealth
  9444 | D:8      | Reached skill level 6 in Invocations
  9515 | D:8      | Reached skill level 3 in Throwing
 10111 | D:9      | Reached **** piety under Dithmenos
 10137 | D:9      | Noticed Psyche
 10158 | D:9      | Killed Psyche
 10224 | D:9      | Noticed Gastronok
 10253 | D:9      | Noticed Maurice
 10268 | D:9      | Killed Maurice
 10268 | D:9      | Reached XP level 11. HP: 57/61 MP: 16/18
 10461 | D:9      | Found a staircase to the Orcish Mines.
 10584 | D:9      | Killed Gastronok
 10584 | D:9      | Reached skill level 8 in Short Blades
 10584 | D:9      | Reached skill level 4 in Throwing
 10584 | D:9      | Reached skill level 12 in Stealth
 10584 | D:9      | Reached skill level 10 in Hexes
 10584 | D:9      | Reached skill level 7 in Invocations
 10609 | D:9      | Found a shimmering altar of Xom.
 10815 | D:10     | Entered Level 10 of the Dungeon
 10935 | D:10     | Found a staircase to the Lair.
 11075 | Lair:1   | Entered Level 1 of the Lair of Beasts
 11145 | D:10     | Noticed Joseph
 11156 | D:10     | Killed Joseph
 11156 | D:10     | Reached skill level 1 in Conjurations
 12186 | Lair:1   | Reached skill level 2 in Conjurations
 12192 | Lair:1   | HP: 2/61 [killer bee (6)]
 12527 | Lair:1   | Gained mutation: You have a pair of small horns on your head. [potion of beneficial mutation]
 12670 | Lair:1   | Gained mutation: Your body sometimes deteriorates upon taking damage. [potion of mutation]
 12670 | Lair:1   | Gained mutation: You are agile. (Dex +2) [potion of mutation]
 12671 | Lair:1   | Quit the game

Skill      XL: |  1  2  3  4  5  6  7  8  9 10 11 |
---------------+----------------------------------+-----
Ice Magic      | 1 2 3 |  3.0
Stealth        | 4 5 7 8 10 11 12 | 12.5
Short Blades   | 2 3 4 5 6 7 8 |  8.5
Spellcasting   | 3 4 |  4.0
Hexes          | 4 5 7 8 9 10 | 10.6
Invocations    | 1 3 5 6 7 |  7.6
Throwing       | 1 3 4 |  4.7
Conjurations   | 2 |  2.2
Dodging        | |  2.1

Action                   |  1- 3 |  4- 6 |  7- 9 | 10-12 || total
-------------------------+-------+-------+-------+-------++-------
Melee: Dagger            |   111 |   100 |   194 |   317 ||   722
 Cast: Corona            |     3 |       |     1 |     3 ||     7
       Ensorcelled Hiber |    16 |    41 |    90 |   112 ||   259
       Confuse           |       |     5 |    12 |    12 ||    29
       Tukima's Dance    |       |       |       |     3 ||     3
Evoke: Wand              |       |       |     1 |     1 ||     2
  Use: Scroll            |       |       |       |    15 ||    15
       Potion            |       |       |       |     5 ||     5
 Stab: Sleeping          |    14 |    32 |    70 |   108 ||   224
       Distracted        |     1 |     2 |       |       ||     3
       Confused          |       |     1 |     8 |    13 ||    22
  Eat: Chunk             |     6 |    11 |    14 |     8 ||    39
       Beef jerky        |       |       |       |     4 ||     4
       Pizza             |       |       |       |     1 ||     1
Armor: Robe              |    20 |    20 |    23 |    20 ||    83
Dodge: Dodged            |    84 |    71 |   150 |   150 ||   455
